 Dungeon Crawl Stone Soup version 0.31-a0-1327-g8c40ea976f (webtiles) character file.

Game seed: 4425721534503155132

52 GreatBamboolord the Apothecary (level 3, -1/28 HPs)
             Began as a Naga Alchemist on Dec 21, 2023.
             Slain by an adder (2 damage)
             ... on level 2 of the Dungeon.
             The game lasted 00:02:56 (1148 turns).

GreatBamboolord the Apothecary (Naga Alchemist)     Turns: 1148, Time: 00:02:56

Health: -1/28      AC:  3    Str: 16    XL:     3   Next: 85%
Magic:  1/6        EV: 10    Int: 17    God:
Gold:   65         SH:  0    Dex: 11    Spells: 0/6 levels left

rFire   . . .        g - +0 dagger
rCold   . . .        (no shield)
rNeg    . . .        a - +0 robe
rPois   +            h - +0 helmet
rElec   .            (no cloak)
rCorr   .            (no gloves)
SInv    +            (no barding)
Will    .....        (no amulet)
Stlth   ++           f - +6 ring of strength
HPRegen 0.24/turn    (no ring)
MPRegen 0.10/turn

%: no passive effects
@: very slow
A: AC +1, large, see invisible, deformed body, poison resistance, slowness 2,
spit poison 1, naga tail 1
a: Spit Poison


You were on level 2 of the Dungeon.
You visited 1 branch of the dungeon, and saw 2 of its levels.

You collected 65 gold pieces.

Inventory:

Hand Weapons
 g - a +0 dagger (weapon)
Missiles
 c - 13 stones
Armour
 a - a +0 robe (worn)
 h - a +0 helmet (worn)
Jewellery
 f - a +6 ring of strength (left hand)
Scrolls
 e - 2 scrolls of enchant weapon
 j - a scroll of immolation
 k - 2 scrolls of blinking {unknown}
 m - a scroll of teleportation {unknown}
Potions
 b - a potion of magic
 i - a potion of mutation


   Skills:
 + Level 1.7 Dodging
 + Level 3.4 Stealth
 * Level 2.4 Spellcasting
 * Level 1.8 Conjurations
 * Level 1.2 Air Magic
 * Level 4.1 Alchemy


You couldn't memorise any spells.
You knew the following spells:

 Your Spells              Type           Power      Damage    Failure   Level
a - Sting                 Conj/Alch      48%        1d6       5%          1
b - Mercury Vapours       Alch/Air       22%        N/A       10%         2
c - Mephitic Cloud        Conj/Alch/Air  10%        N/A       22%         3

Your spell library contained the following spells:

 Spells                   Type           Power      Damage    Failure   Level
 Apportation              Tloc           4%         N/A       19%         1
 Necrotise                Necr           8%         1d4       19%         1
 Summon Small Mammal      Summ           8%         N/A       19%         1
 Momentum Strike          Conj/Tloc      10%        3d8       19%         2
 Blink                    Tloc           4%         N/A       28%         2
 Lesser Beckoning         Tloc           4%         N/A       28%         2
 Olgreb's Toxic Radiance  Alch           16%        N/A       34%         4
 Sticky Flame             Fire/Alch      9%         2d5       63%         4


Dungeon Overview and Level Annotations

Branches:
Dungeon (2/15)

Altars:


Innate Abilities, Weirdness & Mutations

Your serpentine skin is tough. (AC +1)
You have supernaturally acute eyesight. (SInv)
Armour fits poorly on your strangely shaped body.
Your system is resistant to poisons. (rPois)
You cover ground very slowly.
You can spit poison.
You have a snake-like lower body.


Message History

The adder misses you.
You miss the adder.
You feel sick. The adder bites you.
* * * LOW HITPOINT WARNING * * *
You are more poisoned.
The adder poisons you!
You miss the adder.
You feel less invigorated.
You feel less confused.
You feel sick. The adder bites you.
* * * LOW HITPOINT WARNING * * *
You closely miss the adder.
You feel sick. The adder bites you.
* * * LOW HITPOINT WARNING * * *
The adder misses you.
Casting: Sting (safe; 5% risk of failure)
Confirm with . or Enter, or press ? or * to list all spells.
Aiming: Mercury Vapours (safe; 10% risk of failure)
Press: ? - help, Dir - move target, f - kobold, p - adder
Aim: a kobold, wielding a +0 club (chance to weaken: 100%) Fumes of mercury billow around the kobold!
The kobold is poisoned.
The kobold looks weaker.
The giant cockroach looks weaker.
You feel sick. The adder bites you.
* * * LOW HITPOINT WARNING * * *
Casting: Mercury Vapours (safe; 10% risk of failure)
Confirm with . or Enter, or press ? or * to list all spells.
Aiming: Mercury Vapours (safe; 10% risk of failure)
Press: ? - help, Dir - move target, f - adder, p - kobold
Aim: an adder (chance to weaken: 100%) Fumes of mercury billow around the adder!
The adder is poisoned.
The adder looks weaker.
* * * LOW HITPOINT WARNING * * *
You feel sick. The adder closely misses you.
Aiming: Sting (safe; 5% risk of failure)
Press: ? - help, Q - select action, (/) - cycle Shift-Dir - straight line, f/p - adder
Aim: an adder (very poisoned, weak, 53% to hit)
The sting hits the adder.
The adder looks even sicker.
The adder is heavily wounded.
* * * LOW HITPOINT WARNING * * *
You feel sick.
You are no longer poisoned.
The adder bites you.
You die...

#.# . ... #. .[. .### ##.##
#.. #.# #... ...###.. . #.#
#..# ##...#.##.##.. #.
###.####..# .......>..... #.
.... ...# #.....# ..... ##.
#.#####.####b...###..#.#
...#####........@SKB.........
..........####.######..#...#
#.....###.# #.# #..#.#.#
#.#...###.####.# #..b.).#
.........††....#
#.....#.......
#.#...#####.####
#.#......##.## #.....# #.#
#....###.# ####.## #.# #..#.#
.. #.# #.# #.=..# .#.


You could see an adder (very poisoned, weak), a giant cockroach (weak), a bat
and a kobold (very poisoned, weak).

Vanquished Creatures
  2 adders (D:2)
  2 worms (D:2)
  2 bats (D:1)
  4 endoplasms
  A giant cockroach (D:1)
  6 goblins
  A hobgoblin (D:1)
  A kobold (D:1)
  A quokka (D:1)
  4 ball pythons (D:1)
  2 rats (D:1)
26 creatures vanquished.

Notes
Turn   | Place    | Note
-------+----------+-------------------------------------------
     0 | D:1      | GreatBamboolord the Naga Alchemist began the quest for the
                  | Orb.
     0 | D:1      | Reached XP level 1. HP: 15/15 MP: 3/3
   146 | D:1      | Reached XP level 2. HP: 13/22 MP: 1/5
   911 | D:1      | Reached XP level 3. HP: 28/28 MP: 4/6
   914 | D:1      | Learned a level 2 spell: Mercury Vapours
   918 | D:1      | Learned a level 3 spell: Mephitic Cloud
   985 | D:2      | Reached skill level 1 in Air Magic
   999 | D:2      | Reached skill level 4 in Alchemy
  1148 | D:2      | HP: 1/28 [poisoned by an adder]
  1148 | D:2      | Slain by an adder

Illustrated notes

Levels and vault maps discovered:
D:1:      amcnicky_arrival_single_pillar, layout_basic
D:2:      layout_loops_ring, minmay_fractal_squares_5

Skill      XL: |  1  2  3 |
---------------+----------+-----
Air Magic      | 1 |  1.2
Alchemy        | 4 |  4.1
Dodging        | |  1.7
Stealth        | |  3.4
Spellcasting   | |  2.4
Conjurations   | |  1.8

Action                     || total
---------------------------++-------
  Melee: Unarmed           ||     2
         Dagger            ||    24
   Cast: Sting             ||    49
         Mercury Vapours   ||     2
    Use: Scroll            ||     4
         Potion            ||     1
 Armour: Robe              ||    49
  Dodge: Dodged            ||    20

Table legend: (Time is in decaauts)
 A = Elapsed time spent in this place.
 B = Non-inter-level travel time spent in this place.
 C = Inter-level travel time spent in this place.
 D = Time resting spent in this place.
 E = Time spent auto-exploring this place.
 F = Levels seen in this place.
 G = Mean time per level.
                   A        B        C        D        E       F      G
               +--------+--------+--------+--------+--------+-----+--------+
         Total |   1406 |   1357 |     49 |     81 |    949 |   2 |  703.0 |
       Dungeon |   1406 |   1357 |     49 |     81 |    949 |   2 |  703.0 |
               +--------+--------+--------+--------+--------+-----+--------+

Top non-repeatable levels by time:
     D:1: 1209 daAuts
     D:2: 196 daAuts
